prayhack, neutral female sylph Priestess ------------- #.............# #|...........|# #|...........+##))fE#d#### #-----.......| # # ### |...<...| ### ### # |.......| # # # -+------- ### ### # # ----- # # ###|...| ### # #####.....##### # |<..| ######### # #....| ### ---|--- # |...| ###|.....| # ----- ##......| |.....| ------- prayhack the Adept Experience level: 7 Strength: 15 Dexterity: 10 Constitution: 17 Intelligence: 19 Wisdom: 11 Charisma: 7 Health: 0(68) Energy: 89(89) Def: 2 Gold: 0 Moves: 6429 Dungeon seed: qsUNrnZAlDj26U0w Game ID: prayhack_1452801085 Your Inventory: Amulets y - a cursed amulet of strangulation Weapons a - a blessed +1 mace (weapon in hand) E - an uncursed +0 elven dagger W - 6 uncursed +0 daggers (in quiver) Armor n - an uncursed +0 small shield (being worn) q - a blessed +1 leather armor r - a blessed +0 mummy wrapping t - an uncursed +0 cloak of magic resistance (being worn) z - a blessed +1 dwarvish iron helm Scrolls B - a blessed scroll of confuse monster Potions D - an uncursed potion of sleeping Wands b - an uncursed wand of striking (0:1) f - an uncursed wand of cancellation (0:1) l - an uncursed wand of digging (0:6) C - an uncursed wand of fire (0:5) U - an uncursed wand of make invisible (0:4) Tools i - an uncursed figurine of a fox k - an uncursed skeleton key m - an uncursed blindfold F - an uncursed sack I - an uncursed magic lamp (lit) Gems e - 2 uncursed worthless pieces of blue glass Contents of the sack: 3287 gold pieces an uncursed +5 cornuthaum an uncursed +1 pair of leather gloves an uncursed +0 robe 5 cursed apples 2 uncursed cloves of garlic 7 cursed eucalyptus leaves 2 cursed food rations an uncursed sprig of wolfsbane 3 uncursed scrolls of blank paper a cursed scroll of blank paper an uncursed scroll of confuse monster an uncursed scroll of enchant armor a blessed scroll of identify an uncursed scroll of identify 3 uncursed scrolls of scare monster an uncursed scroll of scare monster an uncursed spellbook of cancellation an uncursed spellbook of magic missile a cursed potion of full healing an uncursed potion of gain level an uncursed potion of object detection an uncursed ring of invisibility an uncursed mirror an uncursed +0 pick-axe an uncursed tin whistle 2 cursed agate stones a cursed jasper stone an uncursed luckstone an uncursed turquoise stone an uncursed worthless piece of red glass an uncursed worthless piece of white glass a cursed worthless piece of white glass an uncursed worthless piece of yellowish brown glass Spells and supernatural/magical abilities: Name Level Category Fail Memory h - healing 1 healing 0% 68% p - protection 1 clerical 0% 68% E - detect food 2 divination 54% 68% W - pray for help -- divine ? -- X - turn undead -- divine ? -- Your skills at the end: Miscellaneous Skills shield [Basic] wands [Basic] Weapon Skills mace [Basic] Spellcasting Skills clerical spells [Basic] Final Attributes: You were devoutly aligned. You were magic-protected. You saw invisible. You had infravision. You were stealthy. You were protected from shape changers. You are dead. Vanquished creatures: 2 ghosts a freezing sphere a giant beetle a panther a leprechaun an orc-captain a dwarf mummy a dingo a housecat a jaguar a dwarf lord a gnome mummy 3 soldier ants a baby crocodile an orc shaman 2 rock piercers 3 yellow lights 4 gnome lords 2 elf zombies a paper golem a little dog 3 floating eyes 2 kittens 9 dwarves 2 kobold lords 2 iguanas 13 hill orcs 3 rothes a rabid rat 2 centipedes a giant bat a monkey a werejackal 2 hobbits an acid blob 4 geckos a hobgoblin a giant rat a cave spider a brown mold a green mold 13 gnomes a garter snake a gnome zombie 4 jackals 4 foxes 2 kobolds 7 newts a goblin 4 sewer rats 7 grid bugs a bat 4 lichens 2 kobold zombies 134 creatures vanquished. Voluntary challenges: You followed a strict vegan diet. You were an atheist. You used a wielded weapon 213 times, starting on turn 201. You did not apply a unicorn horn. You read items or engraved 8 times, starting on turn 5114. You never genocided any monsters. You never polymorphed an object. You never changed form. You used no wishes. You never split a pudding. You wrote Elbereth's name 8 times, starting on turn 5114. You never violated your personal moral code. Dungeon overview: The Dungeons of Doom: levels 1 to 9 Level 1 a fountain a long staircase Level 2 a general store, a fountain stairs to The Gnomish Mines Level 3 an altar to Anshar, a fountain Level 4 a general store, a fountain, a sink Level 5 a sink Level 6 Level 7 a fountain Level 8 Level 9 <- You were here a long staircase The Gnomish Mines: levels 3 to 6 Level 3 stairs to The Dungeons of Doom Level 4 Level 5 Level 6 many shops, a temple to Anshar, a magic chest, some fountains History has recorded: On T:1 you entered the Dungeons of Doom to retrieve the Amulet of Yendor! On T:83 you reached level 3 of The Dungeons of Doom. On T:85 you reached level 2 of The Dungeons of Doom. On T:217 you reached level 1 of The Gnomish Mines. On T:680 you advanced to experience level 2. On T:772 you advanced to experience level 3. On T:1054 you advanced to experience level 4. On T:1139 you reached level 2 of The Gnomish Mines. On T:1231 you advanced to experience level 5. On T:1705 you reached level 3 of The Gnomish Mines. On T:2139 you advanced to experience level 6. On T:2404 you reached level 4 of The Gnomish Mines. On T:2500 you opened a magic chest. On T:2508 you entered the Minetown temple On T:2857 you opened a magic chest. On T:2883 you opened a magic chest. On T:2893 you opened a magic chest. On T:4030 you reached level 4 of The Dungeons of Doom. On T:4055 you reached level 5 of The Dungeons of Doom. On T:4339 you advanced to experience level 7. On T:4633 you reached level 6 of The Dungeons of Doom. On T:4766 you reached level 7 of The Dungeons of Doom. On T:5178 you reached level 8 of The Dungeons of Doom. On T:5587 you reached level 9 of The Dungeons of Doom. Score breakdown: Gold: 3287 ( 328 points) Experience: 7 levels ( 600 points) Exploration: 9 levels ( 240 points) Discoveries: 14 items ( 700 points) Variety of kills: 54 monsters ( 2000 points) Major goal: reached Minetown ( 500 points) Survival: died (score multiplied by 3) Total score: 13104 Latest messages: You put an uncursed white gem into the sack. You put a cursed uranium wand into the magic chest. You put 5 uncursed candles into the magic chest. You put an uncursed violet gem into the magic chest. You put an uncursed green gem into the magic chest. You put 3 uncursed blue gems into the magic chest. You put an uncursed white gem into the magic chest. You put 4 cursed red gems into the magic chest. You put a cursed yellow gem into the magic chest. You put 2 cursed green gems into the magic chest. You put 2 uncursed orange gems into the magic chest. You put a cursed yellowish brown gem into the magic chest. You put 3 uncursed red gems into the magic chest. You hit the jaguar! The jaguar claws you! (2x) The jaguar bites! The jaguar claws you! (2x) The jaguar bites! You die... Final status: Goodbye prayhack the Priestess, killed by a jaguar... You died in The Dungeons of Doom on dungeon level 9 with 13104 points, and 3287 pieces of gold, after 6429 moves. You were level 7 with a maximum of 68 hit points when you died.